 Dungeon Crawl Stone Soup version 0.25.0-26-g0c896c7088 (webtiles) character file.

Game seed: 15907429114195268242

665 MisterFreud the Stinger (level 7, 0/51 HPs)
             Began as a Gnoll Venom Mage on July 3, 2020.
             Slain by Grinder (6 damage)
             ... while paralysed by Grinder
             ... on level 5 of the Dungeon.
             The game lasted 00:10:21 (4156 turns).

MisterFreud the Stinger (Gnoll Venom Mage)          Turns: 4156, Time: 00:10:22

Health: 0/51       AC:  4    Str: 10    XL:     7   Next: 57%
Magic:  15/15      EV:  2    Int: 25    God:
Gold:   293        SH:  0    Dex: 16    Spells: 16/17 levels left

rFire    . . .     SeeInvis .   d - +3 short sword (elec)
rCold    . . .     Gourm    .   (no shield)
rNeg     . . .     Faith    .   a - +1 robe
rPois    .         Spirit   .   (no helmet)
rElec    .         Reflect  .   F - +0 cloak
rCorr    .         Harm     .   (no gloves)
MR       .....                  (no boots)
Stlth    ++........             r - amulet of inaccuracy (curse)
HPRegen  0.17/turn              k - +6 ring of intelligence
MPRegen  0.14/turn              x - ring of attention (curse)

@: paralysed
A: distributed training, fangs 1, strong nose
a: no special abilities


You were on level 5 of the Dungeon.
You were not hungry.

You visited 1 branch of the dungeon, and saw 5 of its levels.
You also visited: Sewer.

You collected 293 gold pieces.

Inventory:

Hand Weapons
 d - a +3 short sword of electrocution (weapon)
Missiles
 f - 18 arrows
 h - 137 stones
 l - 25 poisoned darts (quivered)
 q - 22 sling bullets
 u - 50 bolts
Armour
 a - a +1 robe (worn)
 F - a +0 cloak (worn)
Jewellery
 b - an uncursed ring of positive energy {unknown}
 k - a +6 ring of intelligence (left hand)
 o - an uncursed ring of magical power
 r - a cursed amulet of inaccuracy (around neck)
 w - a +6 ring of strength
 x - a cursed ring of attention (right hand)
 C - an uncursed amulet of reflection {unknown}
Wands
 A - a wand of iceblast (5)
Scrolls
 j - a scroll of blinking
 s - 5 scrolls of teleportation
 y - 2 scrolls of immolation {unknown}
 E - a scroll of identify
 G - a scroll of enchant armour
 H - a scroll of fog {unknown}
Potions
 e - 2 potions of might
 g - a potion of lignification {unknown}
 i - a potion of magic
 m - 2 potions of mutation
 n - 2 potions of haste
 p - a potion of brilliance {unknown}
 t - a potion of stabbing {unknown}
 v - a potion of curing
 z - a potion of resistance {unknown}
 B - a potion of berserk rage {unknown}
 D - a potion of cancellation {unknown}
 I - a potion of flight {unknown}
Comestibles
 c - 8 rations


   Skills:
 + Level 2.5 Fighting
 + Level 2.5 Short Blades
 + Level 2.5 Long Blades
 + Level 2.5 Axes
 + Level 2.5 Maces & Flails
 + Level 2.5 Polearms
 + Level 2.5 Staves
 + Level 2.5 Slings
 + Level 2.5 Bows
 + Level 2.5 Crossbows
 + Level 2.5 Throwing
 + Level 2.5 Armour
 + Level 5.2 Dodging
 + Level 4.9 Stealth
 + Level 2.5 Shields
 + Level 2.5 Unarmed Combat
 + Level 5.6 Spellcasting
 + Level 2.0 Conjurations
 + Level 2.0 Hexes
 + Level 2.0 Charms
 + Level 2.0 Summonings
 + Level 2.0 Necromancy
 + Level 2.0 Translocations
 + Level 3.0 Transmutations
 + Level 2.0 Fire Magic
 + Level 2.0 Ice Magic
 + Level 2.0 Air Magic
 + Level 2.0 Earth Magic
 + Level 5.8 Poison Magic
 + Level 2.8 Invocations
 + Level 2.5 Evocations


You had 16 spell levels left.
You knew the following spells:

 Your Spells              Type           Power        Failure   Level  Hunger
a - Sting                 Tmut/Pois      ####         1%          1    None

Your spell library contained the following spells:

 Spells                   Type           Power        Failure   Level  Hunger
 Poisonous Vapours        Pois/Air       ####..       2%          2    None
 Infusion                 Chrm           ###.         3%          1    None
 Shroud of Golubria       Chrm/Tloc      ###...       4%          2    None
 Song of Slaying          Chrm           ###.....     4%          2    None
 Ignite Poison            Fire/Tmut/Pois ####....     5%          3    #......
 Mephitic Cloud           Conj/Pois/Air  ###.....     6%          3    #......
 Olgreb's Toxic Radiance  Pois           #####...     7%          4    ###....
 Ozocubu's Armour         Chrm/Ice       ###.....     10%         3    #......
 Spectral Weapon          Hex/Chrm       ###.....     10%         3    #......


Dungeon Overview and Level Annotations

Branches:
Dungeon (5/15)              Sewer (visited)
 Temple: D:4-7

Altars:
Hepliaklqana
Vehumet

Shops:
D:5 }

Annotations:
D:5 Grinder


Innate Abilities, Weirdness & Mutations

Your experience applies equally to all skills.
You have very sharp teeth.
Your uncanny sense of smell can sniff out nearby items.


Message History

Confirm with . or Enter, or press ? or * to list all spells.
Aiming: Sting (safe; 1% risk of failure)
Press: ? - help, Shift-Dir - straight line, f - Grinder
Aim: Grinder
Okay, then.
Unknown command.
Grinder gestures at you.
You suddenly lose the ability to move!
Grinder hits you. Grinder barely misses you. Grinder hits you.
* * * LOW HITPOINT WARNING * * *
Grinder hits you.
* * * LOW HITPOINT WARNING * * *
You writhe in agony.
* * * LOW HITPOINT WARNING * * *
Grinder hits you.
* * * LOW HITPOINT WARNING * * *
You writhe in agony.
You die...

∆ ## ..### # ####......
#. #$@....... #
##.##5##...... #####.##
#....†........ ........
#........#.##. ....##
#.%##.####.# ###.#..#
#..##.####.# #.. #..
#.......##.# #.## ##.
#....[..##.#####..###.#
#..$.............#.#.##


You could see Grinder.

Vanquished Creatures
  A phantom (D:4)
  An ogre (D:4)
  A crocodile (Sewer)
  A howler monkey (D:4)
  A crimson imp (D:5)
  Crazy Yiuf (D:3)
  A centaur skeleton (D:4)
  2 hounds (D:4)
  A bullfrog skeleton (D:4)
  An iguana (D:5)
  2 worker ants (D:4)
  3 gnolls (D:3)
  An adder (D:3)
  2 worms (D:2)
  3 dart slugs
  4 leopard geckos
  2 orcs
  4 giant cockroaches
  2 goblins (D:2)
  5 hobgoblins
  12 jackals
  A quokka (D:5)
  2 ball pythons
  11 bats
  6 frilled lizards
  8 kobolds
  A quokka skeleton (D:4)
  8 rats
88 creatures vanquished.

Notes
Turn   | Place    | Note
-------+----------+-------------------------------------------
     0 | D:1      | MisterFreud the Gnoll Venom Mage began the quest for the
                  | Orb.
     0 | D:1      | Reached XP level 1. HP: 13/13 MP: 6/6
   157 | D:1      | Reached XP level 2. HP: 19/19 MP: 1/7
   910 | D:2      | Reached XP level 3. HP: 25/25 MP: 9/9
   946 | D:2      | Reached skill level 5 in Spellcasting
  1054 | D:2      | Reached skill level 1 in Invocations
  1235 | D:2      | Reached skill level 1 in Fighting
  1235 | D:2      | Reached skill level 1 in Short Blades
  1235 | D:2      | Reached skill level 1 in Long Blades
  1235 | D:2      | Reached skill level 1 in Axes
  1235 | D:2      | Reached skill level 1 in Maces & Flails
  1235 | D:2      | Reached skill level 1 in Polearms
  1235 | D:2      | Reached skill level 1 in Staves
  1235 | D:2      | Reached skill level 1 in Slings
  1235 | D:2      | Reached skill level 1 in Bows
  1235 | D:2      | Reached skill level 1 in Crossbows
  1235 | D:2      | Reached skill level 1 in Throwing
  1235 | D:2      | Reached skill level 1 in Armour
  1235 | D:2      | Reached skill level 1 in Shields
  1235 | D:2      | Reached skill level 1 in Unarmed Combat
  1235 | D:2      | Reached skill level 1 in Evocations
  1304 | D:2      | Reached XP level 4. HP: 32/32 MP: 9/11
  1619 | D:3      | Found a glowing drain.
  1658 | Sewer    | Entered a sewer
  1796 | Sewer    | Noticed a crocodile
  1808 | Sewer    | Killed a crocodile
  1808 | Sewer    | Reached skill level 1 in Conjurations
  1808 | Sewer    | Reached skill level 1 in Hexes
  1808 | Sewer    | Reached skill level 1 in Charms
  1808 | Sewer    | Reached skill level 1 in Summonings
  1808 | Sewer    | Reached skill level 1 in Necromancy
  1808 | Sewer    | Reached skill level 1 in Translocations
  1808 | Sewer    | Reached skill level 1 in Fire Magic
  1808 | Sewer    | Reached skill level 1 in Ice Magic
  1808 | Sewer    | Reached skill level 1 in Air Magic
  1808 | Sewer    | Reached skill level 1 in Earth Magic
  1808 | Sewer    | Reached XP level 5. HP: 36/37 MP: 9/12
  2106 | D:3      | Found a runed translucent door.
  2107 | D:3      | Noticed Crazy Yiuf
  2488 | D:3      | Found a radiant altar of Vehumet.
  2665 | D:3      | Killed Crazy Yiuf
  2931 | D:4      | Noticed a phantom
  2953 | D:4      | Reached XP level 6. HP: 28/44 MP: 13/13
  3044 | D:4      | Reached skill level 5 in Dodging
  3257 | D:4      | Killed a phantom
  3257 | D:4      | Reached XP level 7. HP: 34/50 MP: 15/15
  3885 | D:4      | Found a hazy altar of Hepliaklqana.
  4022 | D:5      | Entered Level 5 of the Dungeon
  4070 | D:5      | Found Oviux's Gadget Shoppe.
  4136 | D:5      | Noticed Grinder
  4150 | D:5      | Paralysed by Grinder for 7 turns
  4156 | D:5      | Slain by Grinder

Illustrated notes

Levels and vault maps discovered:
D:1:      lightli_arrival_flooded_house, layout_rooms
D:2:      layout_rooms
D:3:      layout_loops_ring, old_standard_altar, portal_sewer_entry_f,
          uniq_crazy_yiuf_cottage
D:4:      layout_cave_pools, overflow_temple_1_default
D:5:      layout_loops_ring, kennysheep_slug_shrine, zin_statuary,
          minmay_temple_entry_butterflies, serial_shops, shop, first_ration,
          item_on_display_a, uniq_grinder, uniq_ijyb

Skill      XL: |  1  2  3  4  5  6  7 |
---------------+----------------------+-----
Transmutations | 2 3 |  3.0
Spellcasting   | 5 |  5.6
Invocations    | 1 2 |  2.8
Fighting       | 1 2 |  2.5
Short Blades   | 1 2 |  2.5
Long Blades    | 1 2 |  2.5
Axes           | 1 2 |  2.5
Maces & Flails | 1 2 |  2.5
Polearms       | 1 2 |  2.5
Staves         | 1 2 |  2.5
Slings         | 1 2 |  2.5
Bows           | 1 2 |  2.5
Crossbows      | 1 2 |  2.5
Throwing       | 1 2 |  2.5
Armour         | 1 2 |  2.5
Shields        | 1 2 |  2.5
Unarmed Combat | 1 2 |  2.5
Evocations     | 1 2 |  2.5
Conjurations   | 1 2 |  2.0
Hexes          | 1 2 |  2.0
Charms         | 1 2 |  2.0
Summonings     | 1 2 |  2.0
Necromancy     | 1 2 |  2.0
Translocations | 1 2 |  2.0
Fire Magic     | 1 2 |  2.0
Ice Magic      | 1 2 |  2.0
Air Magic      | 1 2 |  2.0
Earth Magic    | 1 2 |  2.0
Dodging        | 5 |  5.2
Stealth        | |  4.9
Poison Magic   | |  5.8

Action                   |  1- 3 |  4- 6 |  7- 9 || total
-------------------------+-------+-------+-------++-------
Melee: Short sword       |    56 |    57 |    31 ||   144
       Punch             |     1 |       |       ||     1
       Bite              |     3 |     4 |     3 ||    10
Throw: Dart              |       |     2 |       ||     2
 Cast: Sting             |    50 |    44 |    12 ||   106
  Use: Scroll            |     6 |     5 |       ||    11
       Potion            |       |     1 |       ||     1
 Stab: Sleeping          |       |     1 |       ||     1
  Eat: Chunk             |     1 |     5 |     1 ||     7
       Ration            |       |       |     1 ||     1
Armor: Robe              |    13 |    16 |     6 ||    35
Dodge: Dodged            |    48 |    73 |    36 ||   157
